 Dungeon Crawl Stone Soup version 0.23.0-3-gf3c87f2df8 (webtiles) character file.

Game seed: 10025877824679083087

740 Revguard the Cudgeler (level 7, 0/39 HPs)
             Began as a Gargoyle Fighter on Feb 25, 2019.
             Killed from afar by an oklob sapling (5 damage)
             ... with a splash of acid
             ... on level 4 of the Dungeon.
             The game lasted 00:18:21 (3749 turns).

Revguard the Cudgeler (Gargoyle Fighter)            Turns: 3749, Time: 00:18:21

Health: 0/39       AC: 15    Str: 20    XL:     7   Next: 75%
Magic:  7/7        EV:  4    Int: 10    God:
Gold:   194        SH: 10    Dex:  9    Spells: 6/6 levels left

rFire    . . .     SeeInvis .   a - +0 flail
rCold    + . .     Gourm    +   c - +0 shield
rNeg     + . .     Faith    .   i - +0 plate armour
rPois    ∞         Spirit   .   t - +0 helmet of the Equator {Regen+}
rElec    +         Reflect  .   j - +0 cloak
rCorr    .         Harm     .   (no gloves)
MR       +....                  (no boots)
Stlth    ..........             p - amulet of the gourmand
HPRegen  0.53/turn              l - ring of protection from magic
MPRegen  0.10/turn              m - ring of protection from cold

@: corroded
A: clever 1, clumsy 1, frail 1, negative energy resistance 1, electricity
resistance, unbreathing, petrification resistance, rot immunity, AC +4
a: no special abilities


You were on level 4 of the Dungeon.
You were very full.

You visited 1 branch of the dungeon, and saw 4 of its levels.

You collected 194 gold pieces.

Inventory:

Hand Weapons
 a - a +0 flail (weapon)
 r - a +1 arbalest
Armour
 c - a +0 shield (worn)
 i - a +0 plate armour (worn)
 j - a +0 cloak (worn)
 t - the +0 helmet of the Equator (worn) {Regen+}
   (You took it off Robin on level 4 of the Dungeon)

   It increases your rate of regeneration.
Jewellery
 l - a ring of protection from magic (left hand)
 m - a ring of protection from cold (right hand)
 p - an amulet of the gourmand (around neck)
 u - an uncursed ring of protection from cold
Scrolls
 b - a scroll of enchant weapon
 g - a scroll of identify
 h - a scroll of blinking {unknown}
 n - a scroll of remove curse {unknown}
 o - a scroll of magic mapping {unknown}
 q - a scroll of immolation {unknown}
Potions
 d - 2 potions of might
 e - 2 potions of haste
 k - 2 potions of agility
 v - a potion of lignification
Comestibles
 f - 11 rations


   Skills:
 + Level 4.5 Fighting
 + Level 5.9 Maces & Flails
 * Level 0.7 Crossbows
 + Level 4.4 Armour
 + Level 1.1 Dodging
 + Level 5.5 Shields


You had 6 spell levels left.
You didn't know any spells.
Your spell library was empty.

Dungeon Overview and Level Annotations

Branches:
Dungeon (4/15)             Temple (0/1) D:4

Altars:

Annotations:
D:4 exclusion: oklob sapling


Innate Abilities, Weirdness & Mutations

You are resistant to torment.
Your stone body is resilient. (AC +4)
You are immune to poison.
You resist negative energy. (rN+)
You are resistant to electric shocks. (rElec)
You can survive without breathing.
You are immune to petrification.
You are immune to rotting.
Your mind is acute. (Int +2)
You are clumsy. (Dex -2)
You are frail. (-10% HP)


Message History

The plant is almost destroyed.
The hound bites the plant but does no damage. x2
You hit the plant.
The plant is almost destroyed.
The hound bites the plant but does no damage.
You sock the plant!
You destroy the plant!
The hound bites the plant.
The hound bites the plant but does no damage.
The oklob sapling spits acid at you. The splash of acid hits you.
You are splashed with acid!
The hound bites the plant but does no damage.
The oklob sapling spits acid at you. The splash of acid hits you.
The acid corrodes you!
You are splashed with acid!
* * * LOW HITPOINT WARNING * * *
The hound bites the plant but does no damage.
The hound bites the plant.
The oklob sapling spits acid at you. The splash of acid hits you.
You die...

###....##...#
###..#....# ##.#...##
#.....########## ####
##...............
....##
##..P.P..P..######
.....#####....PPPP..##
.......##...#.P...P.#
......(....##PPP@.P.#
..........##.PhPPPPP#
.........###..PPPP..#
.......####....PP.P$#
......## #..........#
#....## ............
##.)## ............#
#..## .............
.###


You could see an oklob sapling and a hound.

Vanquished Creatures
  Sigmund (D:2)
  A howler monkey (D:4)
  Crazy Yiuf (D:2)
  3 orc priests (D:3)
  A jelly (D:3)
  An orc wizard (D:3)
  Ijyb (D:3)
  Natasha (thrice) (D:2)
  2 worker ants (D:4)
  Robin (D:4)
  A worker ant zombie (D:4)
  2 adders (D:2)
  10 oozes
  3 worms
  2 dart slugs
  3 leopard geckos
  12 orcs (D:3)
  9 bats
  3 giant cockroaches
  24 goblins
  11 hobgoblins
  5 jackals
  12 kobolds
  3 frilled lizards
  A jackal zombie (D:4)
  6 rats
  A plant (D:4)
123 creatures vanquished.

Vanquished Creatures (others)
  9 toadstools (D:3)
9 creatures vanquished.

Grand Total: 132 creatures vanquished

Notes
Turn   | Place    | Note
-------+----------+-------------------------------------------
     0 | D:1      | Revguard the Gargoyle Fighter began the quest for the Orb.
     0 | D:1      | Reached XP level 1. HP: 14/14 MP: 1/1
    78 | D:1      | Reached XP level 2. HP: 18/19 MP: 2/2
   548 | D:1      | Reached XP level 3. HP: 23/23 MP: 3/3
   721 | D:2      | Noticed Sigmund
   744 | D:2      | Killed Sigmund
   744 | D:2      | Reached XP level 4. HP: 10/29 MP: 4/4
   744 | D:2      | Reached XP level 5. HP: 12/33 MP: 5/5
   948 | D:2      | Found a runed translucent door.
   949 | D:2      | Noticed Crazy Yiuf
   961 | D:2      | Killed Crazy Yiuf
  1196 | D:2      | Noticed Natasha
  1203 | D:2      | Killed Natasha
  1203 | D:2      | Reached skill level 1 in Dodging
  1203 | D:2      | Reached XP level 6. HP: 32/38 MP: 6/6
  1335 | D:2      | Noticed Natasha
  1346 | D:2      | Killed Natasha
  1789 | D:2      | Noticed Natasha
  1800 | D:2      | Killed Natasha
  2369 | D:3      | Reached skill level 5 in Shields
  2372 | D:3      | Reached XP level 7. HP: 40/43 MP: 7/7
  2375 | D:3      | Reached skill level 5 in Maces & Flails
  2535 | D:3      | Noticed Ijyb
  2554 | D:3      | Killed Ijyb
  3141 | D:4      | Identified the +0 helmet of the Equator {Regen+}
  3141 | D:4      | Noticed Robin
  3160 | D:4      | Killed Robin
  3412 | D:4      | Gained mutation: You are clumsy. (Dex -2) [potion of
                  | mutation]
  3412 | D:4      | Gained mutation: You are frail. (-10% HP) [potion of
                  | mutation]
  3412 | D:4      | Gained mutation: Your mind is acute. (Int +2) [potion of
                  | mutation]
  3456 | D:4      | Found a staircase to the Ecumenical Temple.
  3749 | D:4      | Killed from afar by an oklob sapling

Skill      XL: |  1  2  3  4  5  6  7 |
---------------+----------------------+-----
Fighting       | 4 |  4.5
Maces & Flails | 3 4 5 |  5.9
Armour         | 4 |  4.4
Shields        | 4 5 |  5.5
Dodging        | 1 |  1.1
Crossbows      | |  0.7

Action                   |  1- 3 |  4- 6 |  7- 9 || total
-------------------------+-------+-------+-------++-------
Melee: Flail             |    89 |   159 |   233 ||   481
  Use: Potion            |     3 |       |     1 ||     4
       Scroll            |       |       |     3 ||     3
  Eat: Chunk             |       |     5 |    12 ||    17
Armor: Scale mail        |    46 |       |       ||    46
       Plate armour      |       |   105 |   186 ||   291
Dodge: Dodged            |    26 |    35 |    40 ||   101
Block: Shield            |    46 |    92 |   149 ||   287
